 Dungeon Crawl Stone Soup version 0.31-a0-844-gdc52ec4e09 (webtiles) character file.

Game seed: 3903646909492417391

1043 JackS81 the Magician (level 8, -1/54 HPs)
             Began as a Djinni Fire Elementalist on Sept 30, 2023.
             Was an Initiate of Nemelex Xobeh.
             Slain by a yak (10 damage)
             ... on level 4 of the Dungeon.
             The game lasted 00:26:13 (3599 turns).

JackS81 the Magician (Djinni Fire Elementalist)     Turns: 3599, Time: 00:26:13

Health: -1/54      AC:  3    Str: 13    XL:     8   Next: 49%
Gold:   195        EV: 13    Int: 17    God:    Nemelex Xobeh [......] SH:  0 Dex: 16

rFire   + + .        b - +2 dagger (venom)
rCold   x . .        (no shield)
rNeg    . . .        a - +0 robe
rPois   ∞            g - +0 helmet
rElec   .            (no cloak)
rCorr   .            (no gloves)
SInv    .            (boots unavailable)
Will    .....        k - amulet of faith
Stlth   ++           f - +6 ring of strength
HPRegen 0.29/turn    (no ring)
MPRegen 0.00/turn

%: faith, infuse magic (-2 HP)
@: about to teleport, flying, hasted, very quick
A: sickness immunity, fire resistance 2, cold vulnerability 1, float, innate
caster, HP casting, extra vitality 1
a: Renounce Religion, Draw Escape, Draw Destruction, Draw Summoning


You were on level 4 of the Dungeon.
You worshipped Nemelex Xobeh.
Nemelex Xobeh was noncommittal.
You visited 2 branches of the dungeon, and saw 6 of its levels.

You collected 195 gold pieces.

Inventory:

Hand Weapons
 b - a +2 dagger of venom (weapon)
Missiles
 c - 30 stones
 e - 3 javelins
 y - 6 poisoned darts
Armour
 a - a +0 robe (worn)
 g - a +0 helmet (worn)
Jewellery
 f - a +6 ring of strength (left hand)
 k - an amulet of faith (around neck)
 z - a ring of see invisible
Talismans
 h - a serpent talisman
Wands
 w - a wand of acid (12)
Scrolls
 o - a scroll of fear {unknown}
 q - a scroll of enchant weapon {unknown}
 r - a scroll of poison {unknown}
Potions
 m - a potion of curing {unknown}
 s - a potion of cancellation


   Skills:
 - Level 2.0 Fighting
 + Level 3.6 Dodging
 - Level 1.5 Stealth
 * Level 7.1 Spellcasting
 * Level 7.1 Conjurations
 * Level 7.1 Hexes
 * Level 7.1 Summonings
 * Level 7.1 Necromancy
 * Level 7.1 Translocations
 * Level 7.1 Transmutations
 * Level 7.1 Fire Magic
 * Level 7.1 Ice Magic
 * Level 7.1 Air Magic
 * Level 7.1 Earth Magic
 * Level 7.1 Poison Magic


You knew the following spells:

 Your Spells              Type           Power      Damage    Failure   Level
a - Foxfire               Conj/Fire      100%       2x1d9     1%          1
b - Scorch                Fire           60%        2d7       1%          2
c - Volatile Blastmotes   Fire/Tloc      60%        2d15      1%          3
d - Inner Flame           Hex/Fire       30%        N/A       1%          3
e - Flame Wave            Conj/Fire      30%        2d9       6%          4
f - Sting                 Tmut/Pois      100%       1d8       1%          1
g - Lesser Beckoning      Tloc           60%        N/A       1%          2
h - Ensorcelled Hibernat  Hex/Ice        60%        N/A       1%          2
Your spell library was empty.

Dungeon Overview and Level Annotations

Branches:
Dungeon (5/15)             Temple (1/1) D:4

Altars:
Ashenzari
Dithmenos
Elyvilon
Gozag
Nemelex Xobeh
Qazlal
Ru
Trog
Uskayaw
Wu Jian
Xom
Zin

Shops:
D:4 :


Innate Abilities, Weirdness & Mutations

You are immune to sickness and miasma.
You are immune to poison.
Your flesh is very heat resistant. (rF++)
You are vulnerable to cold. (rC-)
You float through the air rather than walking.
You learn spells naturally, not from books.
Your magical power is your life essence.
You have superior vitality. (+4 MHP)


Message History

The yak is no longer more vulnerable to fire.
The yak closely misses you.
The foxfire hits the yak!
You kill the yak!
Your Spellcasting skill increases to level 7!
Your Conjurations skill increases to level 7!
Your Hexes skill increases to level 7!
Your Summonings skill increases to level 7!
Your Necromancy skill increases to level 7!
Your Translocations skill increases to level 7!
Your Transmutations skill increases to level 7!
Your Fire Magic skill increases to level 7!
Your Ice Magic skill increases to level 7!
Your Air Magic skill increases to level 7!
Your Earth Magic skill increases to level 7!
Your Poison Magic skill increases to level 7!
Unknown command.
Your foxfire dissipates!
There is a stone staircase leading down here.
You start resting.
HP restored.
You fly downwards.
The yak gores you!
There is a stone staircase leading up here.
The yak gores you. The yak barely misses you.
You fly upwards.
There is a stone staircase leading down here.
As you read the scroll labelled OWAONU FIVO, it dissolves into smoke.
It was a scroll of fog.
The yak misses you. The yak gores you. The yak gores you!
You see here a +0 battleaxe.
As you read the scroll labelled ERGHOI BOSME, it crumbles to dust.
It is a scroll of amnesia.
You feel forgetful for a moment. The yak gores you!
As you read the scroll labelled ABUGIN OCVOJIDAEP, it crumbles to dust.
You feel strangely unstable.
It was a scroll of teleportation.
The yak gores you!
* * * LOW HITPOINT WARNING * * *
You feel yourself speed up. The yak gores you!
You die...
Your body disappears without a glow.

###############
...........§§§#########
...........§§§YY@.....#
......#....§#§#######.#
####..#.....#§# #.#
##....#.....#.# #.#
##.#.##.....#)#######.#
##.#.##.....#.#.......#
...#.##.....#.#.#####.#
####.#............# ###
.....#..#.#.#.#.#.#


You could see 2 yaks.

Vanquished Creatures
  Sigmund (D:2)
  2 yaks (D:4)
  An ice beast (D:4)
  A gnoll sergeant (D:4)
  A scorpion (D:4)
  A howler monkey (D:5)
  A jelly (D:5)
  3 hounds
  Jessica (D:2)
  Terence (D:2)
  2 orc wizards
  4 gnolls
  3 adders
  5 worms
  2 orcs
  An endoplasm (D:4)
  4 goblins
  3 hobgoblins
  2 jackals (D:4)
  3 quokkas
  5 ball pythons
  7 bats
  4 frilled lizards
  4 kobolds
  4 rats
66 creatures vanquished.

Vanquished Creatures (others)
  143 foxfires
143 creatures vanquished.

Grand Total: 209 creatures vanquished

Notes
Turn   | Place    | Note
-------+----------+-------------------------------------------
     0 | D:1      | JackS81 the Djinni Fire Elementalist began the quest for
                  | the Orb.
     0 | D:1      | JackS81 set off with the following spells memorised:
                  | Foxfire, Scorch, Volatile Blastmotes, Inner Flame, Flame
                  | Wave.
     0 | D:1      | Reached XP level 1. HP: 15/15 MP: 0/0
   118 | D:1      | Reached XP level 2. HP: 16/21 MP: 0/0
   528 | D:1      | Reached XP level 3. HP: 24/25 MP: 0/0
   528 | D:1      | Learned a level 1 spell: Sting
   816 | D:2      | Noticed Jessica
   824 | D:2      | Killed Jessica
   825 | D:2      | Reached XP level 4. HP: 18/31 MP: 0/0
   956 | D:2      | Noticed Sigmund
   977 | D:2      | Killed Sigmund
   978 | D:2      | Reached skill level 5 in Spellcasting
   978 | D:2      | Reached skill level 5 in Conjurations
   978 | D:2      | Reached skill level 5 in Hexes
   978 | D:2      | Reached skill level 5 in Summonings
   978 | D:2      | Reached skill level 5 in Necromancy
   978 | D:2      | Reached skill level 5 in Translocations
   978 | D:2      | Reached skill level 5 in Transmutations
   978 | D:2      | Reached skill level 5 in Fire Magic
   978 | D:2      | Reached skill level 5 in Ice Magic
   978 | D:2      | Reached skill level 5 in Air Magic
   978 | D:2      | Reached skill level 5 in Earth Magic
   978 | D:2      | Reached skill level 5 in Poison Magic
   978 | D:2      | Reached XP level 5. HP: 31/35 MP: 0/0
   978 | D:2      | Learned a level 2 spell: Lesser Beckoning
   978 | D:2      | Reached XP level 6. HP: 36/40 MP: 0/0
  1155 | D:2      | Noticed Terence
  1165 | D:2      | Killed Terence
  1667 | D:3      | Found a faded altar of an unknown god.
  1790 | D:3      | Found a shadowy altar of Dithmenos.
  2168 | D:4      | Reached XP level 7. HP: 30/46 MP: 0/0
  2168 | D:4      | Learned a level 2 spell: Ensorcelled Hibernation
  2177 | D:4      | Reached skill level 1 in Fighting
  2427 | D:4      | Found a hide-covered altar of Uskayaw.
  2530 | D:4      | Found Herolutz's Book Shoppe.
  2566 | D:4      | Found a staircase to the Ecumenical Temple.
  2594 | Temple   | Entered the Ecumenical Temple
  2599 | Temple   | Became a worshipper of Nemelex Xobeh the Trickster
  2898 | D:5      | Entered Level 5 of the Dungeon
  3224 | D:5      | Noticed a yak
  3227 | D:5      | Noticed a yak
  3229 | D:5      | Noticed a yak
  3442 | D:5      | Reached XP level 8. HP: 51/54 MP: 0/0
  3446 | D:5      | Noticed a yak
  3447 | D:5      | Noticed a yak
  3454 | D:4      | Killed a yak
  3523 | D:4      | Killed a yak
  3599 | D:4      | Slain by a yak

Illustrated notes

Levels and vault maps discovered:
D:1:      dpeg_arrival_shelter, layout_loops_corners, minmay_statues_item,
          roderic_filled_cross
D:2:      layout_loops_ring, uniq_sigmund, uniq_jessica, uniq_terence
D:3:      kennysheep_big_flooded_room, layout_rooms,
          nicolae_dithmenos_through_a_glass_darkly,
          ebering_ecumenical_altar_sacrificial
D:4:      layout_basic, mainiacjoe_overflow_six_doors_small,
          minmay_temple_entry_nine_rooms, serial_shops, nicolae_shop_trees,
          lightli_minifort
D:5:      layout_rooms
Temple:   hellmonk_temple_micro_hex

Skill      XL: |  1  2  3  4  5  6  7  8 |
---------------+-------------------------+-----
Spellcasting   | 5 6 7 |  7.1
Conjurations   | 5 6 7 |  7.1
Hexes          | 5 6 7 |  7.1
Summonings     | 5 6 7 |  7.1
Necromancy     | 5 6 7 |  7.1
Translocations | 5 6 7 |  7.1
Transmutations | 5 6 7 |  7.1
Fire Magic     | 5 6 7 |  7.1
Ice Magic      | 5 6 7 |  7.1
Air Magic      | 5 6 7 |  7.1
Earth Magic    | 5 6 7 |  7.1
Poison Magic   | 5 6 7 |  7.1
Fighting       | 2 |  2.0
Dodging        | 3 |  3.6
Stealth        | |  1.5

Action                     |  1- 3 |  4- 6 |  7- 9 || total
---------------------------+-------+-------+-------++-------
  Melee: Dagger            |     7 |     6 |    13 ||    26
   Cast: Foxfire           |    21 |    40 |    41 ||   102
         Scorch            |     2 |     4 |    14 ||    20
         Volatile Blastmot |     1 |     3 |       ||     4
         Inner Flame       |       |     1 |       ||     1
         Ensorcelled Hiber |       |       |     1 ||     1
         Flame Wave        |       |       |     1 ||     1
    Use: Potion            |       |     2 |     3 ||     5
         Scroll            |       |       |     7 ||     7
   Stab: Sleeping          |     1 |     1 |       ||     2
 Armour: Robe              |     5 |     7 |    36 ||    48
         Skin              |       |     6 |     4 ||    10
  Dodge: Dodged            |     7 |     9 |    34 ||    50

Table legend: (Time is in decaauts)
 A = Elapsed time spent in this place.
 B = Non-inter-level travel time spent in this place.
 C = Inter-level travel time spent in this place.
 D = Time resting spent in this place.
 E = Time spent auto-exploring this place.
 F = Levels seen in this place.
 G = Mean time per level.
                   A        B        C        D        E       F      G
               +--------+--------+--------+--------+--------+-----+--------+
         Total |   3591 |   3375 |    216 |    520 |   1931 |   6 |  598.5 |
       Dungeon |   3578 |   3366 |    212 |    520 |   1931 |   5 |  715.6 |
        Temple |     12 |      8 |      4 |      0 |      0 |   1 |   12.0 |
               +--------+--------+--------+--------+--------+-----+--------+

Top non-repeatable levels by time:
     D:4: 1458 daAuts
     D:1: 815 daAuts
     D:2: 771 daAuts
     D:3: 482 daAuts
     D:5: 50 daAuts
  Temple: 12 daAuts
